Unix NetHack Version 3.7.0-97 Work-in-progress - last build Jan 20 2024 17:37:35 (157cf090cb53e479d994ec1a4552202481ff9585,branch:master). Game began 2024-01-23 13:47:22, ended 2024-01-25 14:03:40. elenmirie, lawful female human Knight ----- --------------- |...| |......).D@Z.B. |.|.---........---... --|..........)-| ---- -------......---).--------- ----- ----.........)......-----...| -----------..............| |...(...---....| ---------------....---- |-------- |..................| ||..|..|| |.....%.......--...| ||.|...|| --..[..).......--...| ----(......| --...---------....*..| |.((.....|.---- ---....| |.| |....----- -----|(..|....| ----.*.[.-| --.--------.| ||........----- |....%^%..---.........[.---------....----.....| ----.*.....%...--------..*...()%....-| |..[..| ----..<.^....| ----------.....-----....| |........|.| |.|...[......|.| ------------ ---------------- Elenmirie the Sergeant St:25 Dx:15 Co:18 In:8 Wi:17 Ch:18 Lawful Dlvl:30 $:0 HP:0(102) Pw:70(73) AC:-12 Xp:13/71693 Hungry Burdened Stun Fly T:26343 Latest messages: You kill the baluchitherium! The xan scratches your right boot! The cockatrice is almost hit by a dart! You hit the xan! The xan misses! The xan scratches your left boot! You hit the xan! The xan scratches your right boot! The cockatrice bites! The cockatrice touches you! You hear the cockatrice's hissing! The xan scratches your right boot! You kill the xan! You kill the cockatrice! The wraith touches you! You hit the wraith! The wraith touches you! You destroy the wraith! The yellow dragon bites! The yellow dragon hits! The yellow dragon hits again! You hit the yellow dragon! The yellow dragon bites! The yellow dragon hits! The yellow dragon knocks you backward with a forceful blow! You hear some noises in the distance. The erinys casts a spell! The erinys suddenly disappears! The yellow dragon bites! The yellow dragon hits! The yellow dragon hits again! The yellow dragon knocks you back with a forceful blow! You bump into a giant zombie. You stagger... The giant zombie hits! The giant zombie knocks you back with a forceful strike! You bump into a yellow dragon. The giant zombie hits again! The yellow dragon bites! The yellow dragon hits! The yellow dragon hits again! The yellow dragon knocks you back with a forceful strike! You bump into a giant zombie. The giant zombie hits! You die... Do you want your possessions identified? [ynq] (y) y Do you want to see your attributes? [ynq] (y) y Do you want an account of creatures vanquished? [ynaq] (y) y Do you want to see your conduct and achievements? [ynq] (y) y Do you want to see the dungeon overview? [ynq] (y) y Inventory: Amulets O - a blessed amulet of flying (being worn) Weapons a - the blessed rustproof +7 Excalibur (weapon in right hand) Armor y - an uncursed burnt +0 elven leather helm (being worn) R - an uncursed +0 pair of gauntlets of power (being worn) I - an uncursed +0 pair of elven boots (being worn) q - an uncursed +0 shield of reflection (being worn) N - an uncursed burnt +0 cloak of magic resistance (being worn) Q - a blessed +3 Hawaiian shirt with a ukulele motif (being worn) W - a blessed +1 blue dragon scale mail (being worn) Comestibles p - an uncursed food ration L - an uncursed lizard corpse Rings X - an uncursed ring of free action (on right hand) Wands Y - an uncursed wand of digging (0:8) v - an uncursed wand of digging (0:7) B - an uncursed wand of digging (0:6) C - an uncursed wand of digging (0:5) l - an uncursed wand of fire (0:5) b - an uncursed wand of lightning (0:5) k - an uncursed wand of lightning (0:2) D - an uncursed wand of striking (0:4) f - an uncursed wand of teleportation (0:4) Tools w - a blessed bag of holding containing 118 items n - a cursed bugle U - an uncursed magic lamp (lit) e - an uncursed skeleton key P - an uncursed stethoscope t - an uncursed tinning kit (0:90) x - an uncursed towel u - an uncursed +0 unicorn horn Gems/Stones i - an uncursed luckstone Contents of the bag of holding: 4062 gold pieces an uncursed amulet of life saving an uncursed amulet of magical breathing an uncursed amulet of reflection an uncursed +0 long sword an uncursed +1 lance an uncursed +0 pair of leather gloves a cursed +0 pair of levitation boots an uncursed +0 mummy wrapping 13 uncursed apples 12 uncursed carrots 11 uncursed food rations 10 uncursed K-rations an uncursed lembas wafer 10 uncursed lumps of royal jelly an uncursed lizard corpse a blessed scroll of amnesia 2 uncursed scrolls of amnesia a cursed scroll of amnesia 2 uncursed scrolls of blank paper 2 uncursed scrolls of charging a cursed scroll of charging a blessed scroll of confuse monster 6 uncursed scrolls of create monster a cursed scroll of create monster 3 uncursed scrolls of destroy armor a cursed scroll of destroy armor 2 uncursed scrolls of earth 3 cursed scrolls of enchant armor an uncursed scroll of enchant weapon 2 uncursed scrolls of gold detection 6 blessed scrolls of identify a blessed scroll of light 6 uncursed scrolls of light 3 cursed scrolls of light an uncursed scroll of magic mapping a cursed scroll of punishment a blessed scroll of remove curse an uncursed scroll of remove curse a cursed scroll of remove curse an uncursed scroll of scare monster a blessed scroll of teleportation 8 uncursed scrolls of teleportation 2 cursed scrolls of teleportation an uncursed spellbook of create monster an uncursed spellbook of cure sickness an uncursed spellbook of teleport away an uncursed potion of booze an uncursed potion of confusion a cursed potion of confusion an uncursed potion of extra healing 2 uncursed potions of gain ability an uncursed potion of gain level a blessed potion of invisibility 2 uncursed potions of invisibility an uncursed potion of levitation a cursed potion of levitation an uncursed potion of monster detection 2 uncursed potions of oil 2 uncursed potions of paralysis 2 uncursed potions of restore ability a blessed potion of see invisible an uncursed potion of sickness a blessed potion of sleeping 10 potions of holy water an uncursed potion of water a cursed ring of aggravate monster an uncursed ring of cold resistance a cursed ring of free action an uncursed +1 ring of gain constitution an uncursed -1 ring of gain constitution a cursed -3 ring of gain constitution a cursed ring of hunger a cursed +1 ring of increase damage a cursed ring of invisibility a cursed ring of polymorph a cursed ring of polymorph an uncursed ring of polymorph control a cursed ring of see invisible a cursed ring of shock resistance an uncursed ring of teleport control an uncursed ring of teleport control an uncursed wand of cold (0:7) an uncursed wand of cold (0:3) an uncursed wand of create monster (0:10) an uncursed wand of death (0:2) an uncursed wand of digging (0:8) an uncursed wand of digging (0:6) an uncursed wand of digging (0:4) an uncursed wand of digging (0:4) an uncursed wand of digging (0:3) an uncursed wand of fire (0:5) an uncursed wand of fire (0:2) an uncursed wand of light (0:3) an uncursed wand of lightning (0:6) an uncursed wand of locking (0:2) an uncursed wand of magic missile (0:6) an uncursed wand of make invisible (0:2) an uncursed wand of polymorph (0:5) an uncursed wand of probing (0:4) an uncursed wand of secret door detection (0:13) an uncursed wand of sleep (0:8) an uncursed wand of sleep (0:8) an uncursed wand of sleep (0:4) an uncursed wand of sleep (0:3) an uncursed wand of slow monster (0:3) a cursed wand of slow monster (0:8) an uncursed wand of speed monster (0:5) an uncursed wand of speed monster (0:3) an uncursed wand of striking (0:7) an uncursed wand of striking (0:2) an uncursed wand of teleportation (0:2) an uncursed wand of undead turning (0:4) an uncursed wand of wishing (1:3) an uncursed magic lamp a cursed magic marker (0:19) an uncursed magic whistle an uncursed tallow candle Elenmirie the Knight's attributes: Background: You were a Sergeant, a level 13 female human Knight. You were lawful, on a mission for Lugh who was opposed by Brigit (neutral) and Manannan Mac Lir (chaotic). You were right-handed. You were in Gehennom, on level 30. You entered the dungeon 26343 turns ago. There was a full moon in effect when your adventure ended. You had 71693 experience points, 8307 more were needed to attain level 14. Basics: You had 0 out of 102 hit points. You had 70 out of 73 energy points (spell power). Your armor class was -12. Your wallet was empty, but you had 4062 zorkmids stashed away in your pack. Autopickup was on for '$' plus thrown. Final Characteristics: Your strength was 25 (base:18/02, innate limit:18/100). Your dexterity was 15 (limit:18). Your constitution was 18 (limit:18). Your intelligence was 8 (limit:18). Your wisdom was 17 (limit:18). Your charisma was 18 (limit:18). Final Status: You were flying. You were stunned. You were hungry. You were burdened; movement was slightly slowed. You were wielding a long sword. You had expert skill with long sword. Final Attributes: You were piously aligned. You were magic-protected. You were cold resistant. You were sleep resistant. You were shock resistant. Your items were protected from electric shocks. You were poison resistant. You were level-drain resistant. You were telepathic. You had automatic searching. You were stealthy. You could jump. You could teleport. You had teleport control. You had a small defense bonus (+5). You were warded. You were very fast. You had reflection. You had free action. You were very lucky. You had extra luck. Bad luck did not time out for you. Good luck did not time out for you. You are dead. Miscellaneous: You encountered 1 bones level. Total elapsed playing time was 7 hours, 5 minutes and 56 seconds. Major events: Turn 1: elenmirie the lawful female human Knight entered the dungeon 1371: attained the rank of Esquire (level 3) 3591: entered the Gnomish Mines 4169: attained the rank of Bachelor (level 6) 4169: destroyed lurchy's ghost, the former Conjurer 5433: has been given Excalibur, and now enjoys supreme executive power 7335: reached Mine Town 9731: entered Sokoban 9967: completed 1st Sokoban level 10378: completed 2nd Sokoban level 10729: completed 3rd Sokoban level 11493: completed 4th Sokoban level 12377: attained the rank of Sergeant (level 10) 12577: acquired the Sokoban amulet of reflection 15232: acquired the Mines' End luckstone 17069: entered the Bigroom 23480: killed Medusa 25326: made her first wish - "blessed fixed amulet of flying", got "a spherical amulet" 25813: entered Gehennom 26343: killed by a giant zombie, while moving through the air Vanquished creatures: Medusa a storm giant a glass golem 2 purple worms a gold dragon a silver dragon 2 red dragons a white dragon an orange dragon a blue dragon a green dragon a yellow dragon a minotaur a baluchitherium a demilich a Nazgul 3 pit fiends a titanothere a genetic engineer 5 vampire leaders 4 liches a nurse a lurker above an ettin a golden naga 6 vampires 3 lieutenants 27 ghosts 2 queen bees a mind flayer a giant mimic 2 zruties 5 ogre tyrants an ice troll a rock troll 2 umber hulks 3 doppelgangers 2 large mimics 2 stalkers 4 air elementals an earth elemental a water elemental 2 giant mummies a black naga 4 xorns 7 giant zombies 2 elf-nobles 5 sergeants 6 wargs a winter wolf 6 small mimics a warhorse a steam vortex 6 xans 3 ettin mummies 3 quantum mechanics 8 trolls 4 sharks 2 pyrolisks 2 large dogs 2 freezing spheres a flaming sphere 2 shocking spheres a tiger 4 gargoyles a dwarf ruler 3 tengu an ochre jelly 2 leocrottas an energy vortex 2 mountain centaurs 5 elf mummies 3 human mummies a python a pit viper 24 wraiths 2 carnivorous apes 13 ettin zombies a leather golem 9 Grey-elves 46 soldiers 2 amorous demons 2 horned devils 5 chameleons 2 crocodiles 3 giant beetles 2 quivering blobs 8 cockatrices 6 wolves 5 winter wolf cubs 17 gremlins 4 leprechauns 4 orc-captains 2 iron piercers 2 mumakil 7 giant spiders 2 ice vortices 4 black lights 7 vampire bats 5 forest centaurs 5 gnome rulers 5 orc mummies 7 dwarf mummies 7 ogres 4 brown puddings 5 rust monsters an owlbear 6 yetis 2 gold golems 3 werewolves 4 Green-elves 2 giant eels 6 lizards 2 dingoes a dog 5 jaguars a dwarf leader 5 blue jellies a white unicorn a gray unicorn 2 black unicorns a dust vortex 9 ravens 5 plains centaurs a gnome mummy 2 snakes 7 apes 20 human zombies 4 rope golems 3 Woodland-elves 4 soldier ants 4 fire ants 10 bugbears an imp 4 quasits 2 water nymphs a mountain nymph 3 Mordor orcs an Uruk-hai an orc shaman 5 rock piercers 2 rock moles 2 ponies 4 fog clouds 4 yellow lights 3 shriekers 4 violet fungi 21 gnome leaders 6 gnomish wizards 4 kobold mummies a black naga hatchling 5 gray oozes a barrow wight 17 elf zombies 8 ghouls 3 straw golems a paper golem 16 giant ants 10 floating eyes a kitten 3 dwarves 5 homunculi 2 kobold leaders 2 kobold shamans 40 hill orcs 12 rothes 3 centipedes 2 giant bats 2 monkeys 8 orc zombies 14 dwarf zombies a wererat a werejackal 8 iguanas 51 killer bees 5 acid blobs 7 coyotes 3 gas spores 4 hobbits 4 manes 3 large kobolds 5 hobgoblins 13 giant rats 2 cave spiders a brown mold a yellow mold 3 red molds 58 gnomes 15 garter snakes 8 gnome zombies 9 geckos 17 jackals 2 foxes 3 kobolds 3 goblins 7 sewer rats 17 grid bugs 3 bats 3 lichens 12 kobold zombies 13 newts 1029 creatures vanquished. No species were genocided or became extinct. Voluntary challenges: You read items or engraved 29 times. You never engraved Elbereth. You never genocided any monsters. You never polymorphed an object. You never changed form. You used 1 wish. You did not wish for any artifacts. You did not violate any of the special Sokoban rules. Achievements: You entered a shop. You attained the rank of Esquire. You entered the Gnomish Mines. You attained the rank of Bachelor. You entered Minetown. You entered a temple. You entered Sokoban. You attained the rank of Sergeant. You completed Sokoban. You completed the Gnomish Mines. You entered the Big Room. You defeated Medusa. You learned the tune to open and close the Castle's drawbridge. You entered Gehennom. The Dungeons of Doom: levels 1 to 29 Level 1: A fountain. Level 2: A fountain. Level 3: Level 4: Stairs down to The Gnomish Mines. Level 5: A sink. Final resting place for lurchy-Wiz-Elf-Mal-Cha, killed by a rothe. Level 6: Level 7: Many fountains. Oracle of Delphi. Level 8: Stairs up to Sokoban, level 7. Level 9: A temple and an altar. Level 10: An altar to Lugh. Level 11: Many trees. A very big room. Level 12: Some fountains, many graves. Level 13: A temple and an altar. Level 14: Summoned by King Arthur. Level 15: An altar to Lugh, a fountain. Level 16: A temple and some altars, a fountain, some sinks. Level 17: Many graves. Level 18: A primitive area. Level 19: Many graves. Level 20: "lep hall" Level 21: Level 22: Level 23: Level 24: A temple and an altar. Level 25: A temple and many altars, a sink. Level 26: Level 27: Level 28: Level 29: A fountain. The castle (play notes "BEAEE" to open or close drawbridge). Gehennom: Level 30: <- You were here. Many graves. Final resting place for you, killed by a giant zombie, while moving through the air. The Gnomish Mines: levels 5 to 13 Level 5: Level 6: Level 7: A temple and an altar to Lugh, some fountains. Level 8: Level 9: Level 10: Level 11: Level 12: Level 13: Some fountains. Sokoban: levels 7 up to 4 Level 4: Solved. Level 5: Solved. Level 6: Solved. Level 7: Solved. Game over: ---------- / \ / REST \ / IN \ / PEACE \ / \ | elenmirie | | 4062 Au | | killed by a | | giant zombie | | | | | | 2024 | *| * * * | * _________)/\\_//(\/(/\)/\//\/|_)_______ Fare thee well elenmirie the Knight... You died in Gehennom on dungeon level 30 with 301958 points, and 4062 pieces of gold, after 26343 moves. You were level 13 with a maximum of 102 hit points when you died.